 Dungeon Crawl Stone Soup version 0.29.1-1-gd02db6906a (webtiles) character file.

Game seed: 5647944572414596882

224 LustLizard the Sneak (level 5, -7/26 HPs)
             Began as a Spriggan Arcane Marksman on Sept 27, 2022.
             Killed from afar by Natasha (8 damage)
             ... with a magic dart
             ... on level 3 of the Dungeon.
             The game lasted 00:06:34 (3533 turns).

LustLizard the Sneak (Spriggan Arcane Marksman)     Turns: 3533, Time: 00:06:34

Health: -7/26      AC:  2    Str:  6    XL:     5   Next: 67%
Magic:  8/8        EV: 17    Int: 15    God:
Gold:   156        SH:  0    Dex: 17    Spells: 0/6 levels left

rFire   . . .      SeeInvis +   a - +1 sling
rCold   . . .      Faith    .   (no shield)
rNeg    . . .      Spirit   .   c - +0 robe
rPois   .          Reflect  .   (helmet restricted)
rElec   .          Harm     .   (no cloak)
rCorr   .          Rampage  .   (gloves unavailable)
Will    .....                   (boots unavailable)
Stlth   +++.......              (no amulet)
HPRegen 0.08/turn               (no ring)
MPRegen 0.11/turn               (no ring)

@: very quick
A: very small, no large weapons, unfitting armour, see invisible, speed 3
a: no special abilities


You were on level 3 of the Dungeon.
You visited 1 branch of the dungeon, and saw 3 of its levels.

You collected 156 gold pieces.

Inventory:

Hand Weapons
 a - a +1 sling (weapon)
Armour
 c - a +0 robe (worn)
Scrolls
 b - 2 scrolls of poison
 e - 2 scrolls of teleportation {unknown}
 f - a scroll of vulnerability {unknown}
 j - a scroll of enchant armour {unknown}
 k - a scroll of enchant weapon {unknown}
 n - a scroll of magic mapping {unknown}
 o - a scroll of blinking {unknown}
Potions
 d - 2 potions of resistance {unknown}
 g - a potion of heal wounds
 h - 3 potions of curing
 i - a potion of ambrosia
 l - 2 potions of attraction
 m - a potion of might {unknown}


   Skills:
 + Level 1.7 Fighting
 * Level 3.6 Ranged Weapons
 - Level 2.6 Dodging
 * Level 4.6 Stealth
 - Level 1.3 Spellcasting
 - Level 4.0 Hexes
 * Level 3.4 Translocations


You couldn't memorise any spells.
You knew the following spells:

 Your Spells              Type           Power      Damage    Failure   Level
a - Slow                  Hex            52%        N/A       4%          1
b - Blink                 Tloc           22%        N/A       9%          2
c - Portal Projectile     Hex/Tloc       24%        N/A       16%         3

Your spell library contained the following spells:

 Spells                   Type           Power      Damage    Failure   Level
 Ensorcelled Hibernation  Hex/Ice        14%        N/A       16%         2
 Lesser Beckoning         Tloc           11%        N/A       17%         3
 Sting                    Tmut/Pois      4%         1d3       24%         1
 Inner Flame              Hex/Fire       7%         N/A       30%         3
 Poisonous Vapours        Pois/Air       2%         N/A       34%         2
 Cause Fear               Hex            6%         N/A       41%         4
 Spider Form              Tmut/Pois      1%         N/A       56%         3
 Anguish                  Hex/Necr       3%         N/A       71%         4
 Manifold Assault         Tloc           11%        N/A       85%         5
 Olgreb's Toxic Radiance  Pois           1%         N/A       93%         4


Dungeon Overview and Level Annotations

Branches:
Dungeon (3/15)

Altars:
Fedhas

Annotations:
D:3 Natasha


Innate Abilities, Weirdness & Mutations

You are very small and have problems with some larger weapons.
You are too small for most types of armour.
You have supernaturally acute eyesight. (SInv)
You cover ground extremely quickly. (Speed+++)


Message History

Fire: a) +1 sling
Press: ? - help, Q - select action, (/) - cycle Shift-Dir - straight line, f/p - Natasha
Aim: Natasha (severely wounded, slow, 51% to hit)
You shoot a sling bullet. The sling bullet hits Natasha.
Natasha is almost dead.
The white imp barely misses you. Natasha claws you.
Fire: a) +1 sling
Press: ? - help, Q - select action, (/) - cycle Shift-Dir - straight line, f/p - Natasha
Aim: Natasha (almost dead, slow, 51% to hit)
You shoot a sling bullet.
The sling bullet closely misses Natasha.
Natasha is no longer moving slowly.
The white imp gestures at you. The puff of frost hits you.
* * * LOW HITPOINT WARNING * * *
The white imp misses you.
Fire: a) +1 sling
Press: ? - help, Q - select action, (/) - cycle Shift-Dir - straight line, f/p - Natasha
Aim: Natasha (almost dead, 51% to hit)
You shoot a sling bullet.
The sling bullet closely misses Natasha.
Natasha closely misses you.
The white imp disappears for a moment.
The white imp closely misses you. Natasha closely misses you.
Fire: a) +1 sling
Press: ? - help, Q - select action, (/) - cycle Shift-Dir - straight line, f/p - Natasha
Aim: Natasha (almost dead, 51% to hit)
You shoot a sling bullet. The sling bullet barely misses Natasha.
The white imp completely misses you. Natasha completely misses you.
Unknown command.
Fire: a) +1 sling
Press: ? - help, Q - select action, (/) - cycle Shift-Dir - straight line, f/p - Natasha
Aim: Natasha (almost dead, 51% to hit)
You shoot a sling bullet. The sling bullet misses Natasha.
The white imp gestures at you. The puff of frost hits you.
* * * LOW HITPOINT WARNING * * *
Natasha casts a spell at you. The magic dart hits you!
You die...

########## #........#
#........# #######
#........################..)...
#............h@5..........#####
#........##################
#...........# #.......)##.##
########.....## ##########
#.#.#..## ###.........
#.#.....#####...########
#.####.)##....### # #.#
#......### #


You could see Natasha and a white imp (summoned).

Vanquished Creatures
  An orc priest (D:3)
  Natasha (D:3)
  An orc wizard (D:2)
  Robin (D:1)
  3 gnolls
  2 adders (D:2)
  5 dart slugs
  3 orcs
  8 ball pythons
  7 bats
  2 endoplasms
  A giant cockroach (D:2)
  12 goblins
  5 hobgoblins
  4 jackals (D:1)
  4 quokkas (D:3)
  3 frilled lizards
  5 kobolds
  8 rats
76 creatures vanquished.

Vanquished Creatures (others)
  A fungus (D:1)
  A plant (D:1)
2 creatures vanquished.

Grand Total: 78 creatures vanquished

Notes
Turn   | Place    | Note
-------+----------+-------------------------------------------
     0 | D:1      | LustLizard the Spriggan Arcane Marksman began the quest for
                  | the Orb.
     0 | D:1      | Reached XP level 1. HP: 9/9 MP: 3/3
   154 | D:1      | Reached skill level 1 in Stealth
   199 | D:1      | Reached XP level 2. HP: 12/14 MP: 5/5
   202 | D:1      | Reached skill level 1 in Fighting
   583 | D:1      | Learned a level 2 spell: Blink
   649 | D:1      | Found a faded altar of an unknown god.
  1191 | D:1      | Reached skill level 1 in Translocations
  1191 | D:1      | Reached XP level 3. HP: 13/18 MP: 3/6
  1402 | D:2      | Noticed Robin
  1539 | D:1      | Killed Robin
  1797 | D:2      | Reached XP level 4. HP: 22/22 MP: 7/7
  2327 | D:2      | Found a blossoming altar of Fedhas.
  2787 | D:3      | Noticed Natasha
  2960 | D:2      | Reached XP level 5. HP: 23/25 MP: 8/8
  2967 | D:2      | Learned a level 3 spell: Portal Projectile
  3487 | D:3      | Killed Natasha
  3514 | D:3      | Noticed Natasha
  3533 | D:3      | HP: 1/26 [white imp/puff of frost[Natasha] (6)]
  3533 | D:3      | Killed from afar by Natasha

Illustrated notes

Levels and vault maps discovered:
D:1:      dpeg_arrival_rooms_with_view, layout_loops_corners,
          dreamdust_ecumenical_altar_hidden_monk_grotto
D:2:      minmay_door_path, layout_rooms, basic_altar, uniq_robin
D:3:      kennysheep_the_goblin_king, layout_rooms, palyth_stone_intersect,
          uniq_natasha

Skill      XL: |  1  2  3  4  5 |
---------------+----------------+-----
Stealth        | 1 2 3 4 |  4.6
Fighting       | 1 |  1.7
Hexes          | 4 |  4.0
Translocations | 1 2 3 |  3.4
Ranged Weapons | 3 |  3.6
Dodging        | |  2.6
Spellcasting   | |  1.3

Action                   |  1- 3 |  4- 6 || total
-------------------------+-------+-------++-------
 Fire: Sling             |   101 |   131 ||   232
 Cast: Slow              |     2 |     7 ||     9
  Use: Scroll            |       |     4 ||     4
Armor: Robe              |     7 |     5 ||    12
Dodge: Dodged            |    67 |    36 ||   103
